Map: Frozen Temple

Players

blackxored

  • Race: Zerg Zerg
  • League: Platinum

Bobystucer - Winner!

  • Race: Protoss Protoss
  • League: Platinum

VOD

Have the link to the VOD?

Description

Time

  • Played on: June 25, 2016, 3:20 p.m.
  • Length: 7:09
Show
View Real Time Build Order
Export as new Build Order

blackxored Zerg 

Build Orders: Hatch First 

Get SALT Encoding   

  12  0:02  Drone  
  13  0:08  Drone  
  14  0:19  Overlord  
  14  0:24  Extractor, Drone  
  15  0:40  Drone x2  
  17  0:55  Hatchery  
  16  0:58  Drone  
  16  0:59  Drone  
  18  1:12  Extractor  
  18  1:16  Spawning Pool  
  16  1:18  Drone  
  16  1:21  Drone  
  18  1:28  Drone  
  19  1:40  Overlord  
  19  1:50  Drone  
  20  2:06  Zergling x2  
  21  2:08  Queen  
  21  2:09  Queen  
  25  2:19  Hatchery  
  25  2:22  Zergling x2  
  25  2:26  Metabolic Boost  
  25  2:33  Drone  
  25  2:34  Drone  
  27  2:42  Zergling x4  
  28  2:52  Zergling x4  
  28  2:53  Zergling x2  
  31  3:10  Queen  
  33  3:20  Pneumatized Carapace  
  33  3:24  Drone x2  
  33  3:25  Overlord x2  
  29  3:51  Zergling x12  
  29  3:53  Zergling x8  
  34  4:00  Zergling x2  
  32  4:06  Zergling x6  
  32  4:07  Zergling x2  
  36  4:13  Zergling x2  
  33  4:20  Zergling x2  
  33  4:21  Zergling x4  
  33  4:35  Evolution Chamber  
  33  4:37  Zergling x6  
  35  4:42  Drone  
  33  4:54  Zergling x2  
  33  4:55  Zergling x6  
  33  5:04  Zergling x6  
  35  5:12  Zerg Melee Weapons Level 1  
  35  5:44  Drone x7  
  35  5:45  Baneling Nest, Drone  
  33  6:17  Drone  
  31  6:20  Drone x4  
  31  6:21  Drone x4  
  37  6:29  Queen  
  37  6:31  Drone  
  40  6:35  Drone  
  40  6:36  Drone  
  40  6:37  Extractor  
  40  6:39  Drone  
  42  6:43  Overlord  
  42  6:44  Zergling x2  
Show
View Real Time Build Order
Export as new Build Order

Bobystucer Protoss - Winner!

Build Orders:  

Get SALT Encoding   

  12  0:01  Probe (Chrono Boost)  
  13  0:14  Pylon  
  13  0:18  Probe (Chrono Boost)  
  14  0:29  Probe (Chrono Boost)  
  14  0:35  Gateway  
  15  0:39  Probe (Chrono Boost)  
  16  0:49  Assimilator  
  17  0:50  Probe (Chrono Boost)  
  17  0:58  Pylon  
  17  1:00  Probe (Chrono Boost)  
  18  1:11  Gateway  
  18  1:15  Probe (Chrono Boost)  
  19  1:23  Zealot (Chrono Boost)  
  21  1:25  Probe (Chrono Boost)  
  22  1:39  Cybernetics Core  
  22  1:40  Probe (Chrono Boost)  
  23  1:52  Probe (Chrono Boost), Zealot (Chrono Boost)  
  26  1:58  Zealot (Chrono Boost)  
  28  2:03  Probe (Chrono Boost)  
  29  2:09  Pylon  
  31  2:16  Mothership Core (Chrono Boost)  
  31  2:27  Adept  
  33  2:35  Adept  
  35  2:50  Nexus  
  35  2:53  Probe (Chrono Boost)  
  36  3:00  Pylon  
  36  3:14  Warp Gate  
  36  3:16  Pylon  
  36  3:17  Probe (Chrono Boost)  
  37  3:20  Adept  
  37  3:22  Sentry  
  41  3:27  Probe (Chrono Boost)  
  42  3:47  Adept  
  42  3:48  Adept  
  46  3:49  Pylon  
  44  3:58  Pylon  
  44  4:04  Probe x2 (Chrono Boost)  
  46  4:14  Adept  
  46  4:15  Probe (Chrono Boost)  
  44  4:29  Probe x2 (Chrono Boost)  
  44  4:36  Gateway  
  44  4:37  Gateway  
  44  4:40  Pylon, Probe (Chrono Boost)  
  44  4:41  Probe (Chrono Boost)  
  46  4:51  Stalker x2, Probe (Chrono Boost)  
  47  5:01  Probe (Chrono Boost)  
  48  5:08  Probe (Chrono Boost)  
  48  5:11  Assimilator  
  48  5:12  Probe (Chrono Boost)  
  50  5:14  Assimilator  
  50  5:17  Pylon  
  50  5:18  Probe (Chrono Boost)  
  50  5:21  Pylon  
  51  5:24  Assimilator  
  51  5:31  Probe x2 (Chrono Boost)  
  53  5:39  Twilight Council  
  53  5:42  Probe (Chrono Boost)  
  54  5:43  Robotics Facility, Probe (Chrono Boost)  
  55  5:54  Stalker  
  55  5:55  Adept x3  
  62  6:07  Probe (Chrono Boost)  
  63  6:17  Adept x3  
  63  6:18  Adept  
  71  6:24  Probe x2 (Chrono Boost)  
  73  6:28  Forge  
  73  6:35  Probe (Chrono Boost)  
  73  6:38  Gateway  
  74  6:40  Probe (Chrono Boost)  
  74  6:45  Probe  
  74  6:46  Observer  
  77  6:57  Probe  
  77  6:58  Pylon  
Tags
 
Add a new tag
Caveats
  • Supply blocks, unpowered buildings, or Contaminate may cause inaccurate times.
  • Supply counts are checked every 10 seconds.